Map: Prion Terraces

Players

MrSunny

  • Race: Protoss Protoss
  • League: Master

Alpo - Winner!

  • Race: Zerg Zerg
  • League: Diamond

VOD

Have the link to the VOD?

Description

Time

  • Played on: Feb. 21, 2016, 6:41 p.m.
  • Length: 16:36
Show
View Real Time Build Order
Export as new Build Order

MrSunny Protoss 

Build Orders:  

Get SALT Encoding   

  12  0:01  Probe (Chrono Boost)  
  13  0:11  Probe (Chrono Boost)  
  14  0:20  Pylon  
  14  0:22  Probe (Chrono Boost)  
  15  0:38  Probe (Chrono Boost)  
  16  0:43  Assimilator  
  16  0:47  Gateway  
  16  0:49  Probe (Chrono Boost)  
  17  0:59  Probe (Chrono Boost)  
  18  1:10  Probe (Chrono Boost)  
  19  1:19  Pylon  
  19  1:20  Probe (Chrono Boost)  
  20  1:31  Assimilator, Probe (Chrono Boost)  
  21  1:35  Cybernetics Core  
  21  1:36  Zealot  
  23  1:42  Probe (Chrono Boost)  
  24  1:52  Probe (Chrono Boost)  
  25  2:03  Zealot (Chrono Boost)  
  27  2:18  Mothership Core  
  27  2:20  Warp Gate  
  29  2:32  Adept (Chrono Boost)  
  31  2:39  Pylon, Stargate  
  31  2:44  Pylon  
  31  2:50  Pylon  
  31  3:04  Nexus  
  31  3:12  Pylon  
  31  3:25  Void Ray (Chrono Boost)  
  35  3:34  Probe  
  36  3:46  Probe  
  37  3:53  Gateway  
  37  4:01  Gateway  
  38  4:03  Gateway  
  38  4:06  Pylon  
  37  4:17  Void Ray (Chrono Boost)  
  37  4:20  Probe x2  
  43  4:31  Probe  
  43  4:32  Probe  
  45  4:41  Probe  
  45  4:44  Probe  
  47  4:52  Probe  
  47  4:55  Pylon  
  47  4:56  Probe  
  47  4:57  Forge  
  49  5:03  Probe  
  49  5:04  Void Ray (Chrono Boost)  
  54  5:07  Sentry  
  54  5:08  Sentry  
  54  5:10  Sentry  
  54  5:11  Probe  
  54  5:13  Probe  
  62  5:23  Probe  
  62  5:25  Probe  
  64  5:35  Probe x2  
  65  5:36  Assimilator  
  65  5:37  Assimilator  
  65  5:41  Void Ray (Chrono Boost)  
  70  5:50  Zealot x2  
  70  5:51  Sentry  
  70  5:56  Pylon  
  76  5:58  Pylon  
  76  6:01  Pylon  
  76  6:06  Protoss Ground Armor Level 1 (Chrono Boost)  
  76  6:11  Zealot x2  
  76  6:14  Zealot  
  82  6:43  Void Ray (Chrono Boost)  
  82  6:44  Zealot x2  
  82  6:45  Zealot  
  92  6:57  Robotics Facility, Nexus  
  92  6:59  Pylon x2, Twilight Council  
  92  7:02  Protoss Air Weapons Level 1  
  92  7:12  Zealot x3  
  98  7:18  Photon Cannon  
  98  7:21  Pylon  
  96  7:43  Void Ray  
  86  7:47  Zealot x2  
  86  7:48  Zealot  
  94  7:53  Protoss Ground Weapons Level 1 (Chrono Boost)  
  90  8:20  Void Ray  
  94  8:29  Zealot x2  
  94  8:30  Probe, Zealot  
  94  8:31  Charge (Chrono Boost), Probe  
  94  8:32  Probe  
  97  8:36  Observer  
  98  8:43  Templar Archives  
  98  8:44  Probe x2  
  100  8:52  Zealot  
  100  8:53  Probe, Zealot, Sentry  
  107  8:57  Immortal  
  107  8:59  Void Ray  
  111  9:03  Assimilator  
  111  9:06  Probe x2  
  111  9:07  Assimilator, Probe  
  118  9:14  Psionic Storm  
  118  9:16  Probe  
  118  9:17  Protoss Air Armor Level 1  
  118  9:19  Probe  
  120  9:29  Zealot x2  
  120  9:30  Zealot  
  126  9:35  Protoss Ground Armor Level 2  
  126  9:44  Immortal  
  130  9:54  High Templar x2  
  130  9:55  Zealot  
  130  9:57  Gateway  
  136  10:02  Gateway  
  136  10:04  Gateway  
  136  10:10  Gateway  
  134  10:20  Gateway  
  134  10:21  Pylon  
  134  10:23  Pylon  
  134  10:24  Pylon x2  
  134  10:27  Pylon  
  134  10:31  High Templar x3  
  140  10:49  Immortal  
  144  10:59  Photon Cannon  
  144  11:01  Nexus  
  144  11:04  Pylon, High Templar x2  
  144  11:05  Zealot  
  144  11:08  Photon Cannon  
  144  11:10  Archon  
  150  11:37  Fleet Beacon  
  150  11:39  High Templar  
  152  11:40  High Templar x2, Zealot, Gateway  
  152  11:41  Zealot, Gateway  
  160  11:51  Protoss Ground Weapons Level 2  
  160  12:06  Stargate  
  161  12:08  Stargate, Probe x2  
  150  12:19  Zealot  
  150  12:20  Zealot x4  
  150  12:21  Zealot x2  
  162  12:27  Observer  
  159  12:35  Tempest  
  163  12:48  Observer  
  151  13:18  High Templar x2, Zealot  
  151  13:19  Zealot x2  
  143  13:20  Zealot x3  
  143  13:21  Zealot  
  143  13:23  Tempest x2  
  159  13:27  Tempest  
  163  13:47  Probe x2  
  162  13:48  Probe x2  
  161  14:00  Probe x2  
  161  14:01  Observer  
  150  14:05  Tempest  
  150  14:06  Tempest  
  146  14:11  Archon x4  
  131  14:22  Observer  
  124  14:32  Zealot x2  
  124  14:33  Zealot x2  
  104  15:05  Void Ray x2  
  100  15:13  Zealot x2  
  104  15:37  Assimilator  
  104  15:39  Assimilator  
  104  15:50  High Templar x3  
  110  16:02  Nexus  
  110  16:25  Archon  
Show
View Real Time Build Order
Export as new Build Order

Alpo Zerg - Winner!

Build Orders: Pool First, Lurkers 

Get SALT Encoding   

  12  0:03  Drone  
  13  0:22  Spawning Pool  
  13  0:26  Drone  
  13  0:34  Overlord  
  13  0:39  Drone  
  14  0:45  Extractor  
  14  0:46  Drone  
  15  1:09  Zergling x2  
  15  1:10  Zergling x4  
  18  1:12  Queen  
  20  1:20  Zergling x2  
  21  1:40  Hatchery  
  20  1:47  Drone x2  
  22  1:59  Overlord  
  21  2:17  Queen  
  21  2:20  Drone  
  24  2:31  Drone x3  
  24  2:35  Drone  
  28  2:39  Overlord  
  27  2:50  Spore Crawler  
  26  2:52  Queen  
  26  2:56  Extractor  
  27  3:00  Queen  
  27  3:03  Drone  
  27  3:04  Drone x2  
  32  3:07  Drone  
  32  3:16  Zergling x4  
  32  3:17  Zergling x2  
  32  3:18  Drone  
  36  3:27  Drone  
  36  3:28  Drone  
  36  3:34  Drone  
  39  3:53  Drone  
  39  3:54  Drone x4  
  44  3:56  Overlord x2  
  44  3:58  Extractor  
  44  4:01  Metabolic Boost  
  43  4:08  Drone  
  44  4:15  Spore Crawler  
  43  4:17  Hatchery  
  43  4:21  Roach Warren  
  41  4:24  Evolution Chamber  
  41  4:25  Evolution Chamber  
  41  4:30  Drone  
  41  4:31  Drone x3  
  43  4:39  Drone  
  43  4:40  Drone x3  
  43  4:43  Extractor  
  43  4:44  Extractor  
  45  4:46  Drone x2  
  47  4:56  Lair  
  47  4:58  Drone x2  
  47  4:59  Drone  
  50  5:10  Drone x2  
  50  5:11  Drone x3  
  55  5:19  Overlord x2  
  55  5:39  Drone x2  
  55  5:41  Spore Crawler  
  55  5:42  Spine Crawler  
  55  5:44  Drone x4, Spine Crawler  
  58  6:00  Hydralisk Den  
  58  6:01  Drone x7  
  58  6:02  Drone x2  
  66  6:08  Queen  
  68  6:18  Zerg Missile Weapons Level 1  
  68  6:19  Drone x3  
  68  6:20  Spore Crawler, Overlord  
  70  6:29  Hydralisk  
  70  6:30  Hydralisk x4  
  78  6:37  Hydralisk  
  78  6:38  Hydralisk x3  
  86  6:42  Muscular Augments  
  86  6:47  Extractor  
  86  6:49  Extractor  
  86  6:51  Hydralisk x3  
  90  7:02  Zerg Ground Armor Level 1  
  89  7:10  Overlord x3  
  89  7:17  Overlord x2  
  89  7:30  Hydralisk  
  89  7:34  Hatchery  
  87  7:38  Hydralisk  
  87  7:41  Hydralisk x7  
  87  7:42  Hydralisk x4  
  87  7:43  Hydralisk  
  95  7:48  Hydralisk x2  
  89  7:54  Hydralisk  
  89  7:55  Hydralisk x4  
  100  8:01  Overlord x2  
  90  8:27  Hatchery  
  90  8:29  Overlord x4  
  87  8:34  Overlord  
  87  8:40  Overlord x2  
  87  8:43  Zerg Missile Weapons Level 2  
  87  8:45  Lurker Den  
  87  8:47  Queen x2  
  91  8:53  Hydralisk x4  
  91  8:55  Extractor  
  98  8:56  Overseer  
  98  9:04  Drone  
  98  9:05  Drone  
  98  9:06  Drone x2  
  98  9:08  Hydralisk  
  104  9:10  Spore Crawler, Spine Crawler  
  104  9:13  Hydralisk x2  
  106  9:23  Infestation Pit  
  105  9:30  Hydralisk  
  107  9:31  Hydralisk x4  
  107  9:33  Hydralisk  
  107  9:38  Hydralisk x2  
  119  9:44  Hydralisk  
  119  9:45  Hydralisk  
  123  9:46  Hydralisk  
  123  9:50  Drone x3  
  123  9:51  Drone  
  131  9:56  Drone x3  
  131  9:57  Drone  
  135  10:06  Drone x3  
  138  10:11  Overlord x3, Extractor  
  137  10:25  Lurker x5  
  137  10:26  Lurker  
  143  10:38  Hydralisk x5  
  143  10:39  Hydralisk x4  
  161  10:58  Overlord x3  
  161  11:01  Hive, Hatchery  
  160  11:26  Spore Crawler x2  
  160  11:28  Spore Crawler  
  160  11:30  Hydralisk x2  
  161  11:35  Spore Crawler  
  161  11:38  Hydralisk  
  161  11:39  Hydralisk x5  
  172  11:43  Hydralisk  
  172  11:45  Hydralisk  
  172  11:46  Hydralisk x4  
  184  12:06  Overlord x3  
  184  12:12  Hydralisk  
  184  12:13  Hydralisk  
  178  12:23  Overlord x4  
  178  12:24  Lurker  
  178  12:25  Lurker x4  
  183  12:54  Hydralisk x8  
  195  13:13  Hydralisk  
  195  13:14  Hydralisk  
  195  13:43  Hydralisk x3  
  199  13:51  Hydralisk  
  189  13:56  Hydralisk  
  189  13:58  Hydralisk  
  177  14:05  Hydralisk  
  177  14:07  Hydralisk  
  135  14:11  Spore Crawler, Hydralisk x8  
  135  14:12  Hydralisk x6  
  156  14:22  Hydralisk  
  149  14:32  Hydralisk  
  149  14:35  Spire  
  147  14:42  Hydralisk x3  
  147  14:43  Hydralisk x3  
  159  14:52  Hydralisk x2  
  157  14:58  Hydralisk x2  
  116  15:08  Hydralisk x2  
  108  15:14  Hydralisk  
  108  15:16  Hydralisk  
  112  15:28  Hydralisk  
  112  15:29  Hydralisk  
  116  15:39  Hydralisk  
  116  15:42  Hydralisk  
  118  15:43  Hydralisk x3  
  118  15:44  Hydralisk  
  118  15:49  Hydralisk  
  128  15:50  Hydralisk  
  128  15:56  Hydralisk  
  132  15:57  Hydralisk  
  132  15:58  Hydralisk  
  132  16:03  Hydralisk  
  138  16:04  Hydralisk  
  138  16:07  Hydralisk  
Tags
 
Add a new tag
Caveats
  • Supply blocks, unpowered buildings, or Contaminate may cause inaccurate times.
  • Supply counts are checked every 10 seconds.